[Event "Titled Tuesday Blitz June 27 Late 2023"]
[White "zano2023"]
[Black "GAO"]
[WhiteElo "2192"]
[BlackElo "2360"]
[Result "0-1"]
[Round "11"]
[TimeControl "180+2"]
[Date "2023.06.27"]
[WhiteClock "0:00:09"]
[BlackClock "0:00:20"]
[Board "72"]

1. d4 d5 2. Nf3 Nf6 3. Nbd2 g6 4. e3 Bg7 5. Bd3 O-O 6. O-O c5 7. c3 Nc6 8. dxc5 e5 9. e4 Qe7 10. Qe2 Qxc5 11. exd5 Nxd5 12. Ne4 Qe7 13. Bc4 Nb6 14. Bb3 Be6 15. Bg5 f6 16. Bxe6+ Qxe6 17. Be3 Nd5 18. Bc5 Rfe8 19. g3 b6 20. Ba3 Rad8 21. Rfd1 h6 22. c4 Nde7 23. Nd6 Rf8 24. Nb5 Rf7 25. Rxd8+ Nxd8 26. Rd1 Ndc6 27. Nc7 Qc8 28. Nd5 Nf5 29. Qe4 Nfd4 30. Nxd4 Nxd4 31. Ne7+ Rxe7 32. Bxe7 f5 33. Qd5+ Kh7 34. Bb4 f4 35. Bc3 Qg4 36. Rd3 Qe2 37. Rxd4 exd4 38. Bxd4 Qd1+ 39. Kg2 Qxd4 40. Qf7 Qxb2 41. gxf4 Qf6 42. Qd5 Qxf4 43. f3 Qd4 44. Qf7 a5 45. a4 Qb2+ 46. Kg3 Qf6 47. Qd5 Qe5+ 48. Qxe5 Bxe5+ 49. f4 Bd6 50. Kf3 Kg7 51. Ke4 Kf6 52. h3 h5 53. h4 Bc5 54. Kd5 Kf5 0-1


[Site "https://www.chess.com"]

[Event "Titled Tuesday Blitz June 27 Late 2023"]
[White "Andrej2004"]
[Black "Petersson, Kjell"]
[BlackFideId "1705148"]
[WhiteElo "2603"]
[BlackElo "2196"]
[Result "1-0"]
[Round "11"]
[TimeControl "180+2"]
[Date "2023.06.27"]
[WhiteClock "0:01:20"]
[BlackClock "0:00:11"]
[Board "73"]

1. e4 c5 2. Nf3 d6 3. d4 cxd4 4. Nxd4 Nf6 5. Nc3 g6 6. Be3 Bg7 7. f3 O-O 8. Bc4 Nc6 9. Qd2 Nd7 10. Bb3 Nb6 11. h4 Na5 12. Qe2 h6 13. O-O-O Nxb3+ 14. cxb3 a5 15. Kb1 a4 16. bxa4 Nxa4 17. Nd5 Be6 18. h5 g5 19. Qd2 Bxd5 20. exd5 Qb6 21. Nf5 Qxb2+ 22. Qxb2 Bxb2 23. Nxh6+ Kh7 24. Nf5 Bf6 25. Bd4 Bxd4 26. Rxd4 Nc3+ 27. Kb2 Nxa2 28. Ra1 Ra6 29. Rxa2 Rb6+ 30. Kc3 Rc8+ 31. Rc4 Rxc4+ 32. Kxc4 e6 33. Nd4 e5 34. Nb5 f5 35. Ra8 e4 36. fxe4 fxe4 37. Re8 Kh6 38. g4 Kg7 39. Re7+ Kf6 40. Rxe4 Ra6 41. Re6+ Kf7 42. Nxd6+ Kg8 43. Kc5 Ra4 44. Rg6+ Kf8 45. Rxg5 1-0


[Site "https://www.chess.com"]

[Event "Titled Tuesday Blitz June 27 Late 2023"]
[White "reevecanada"]
[Black "Cooklev, Steven"]
[BlackFideId "2050552"]
[WhiteElo "2592"]
[BlackElo "2383"]
[Result "1-0"]
[Round "11"]
[TimeControl "180+2"]
[Date "2023.06.27"]
[WhiteClock "0:01:52"]
[BlackClock "0:00:45"]
[Board "74"]

1. d4 Nf6 2. Bf4 d5 3. e3 c5 4. c3 Nc6 5. Bd3 Bg4 6. f3 Bh5 7. Ne2 e6 8. h4 Qb6 9. Qb3 c4 10. Qxb6 axb6 11. Bc2 b5 12. Nd2 b4 13. Bd1 bxc3 14. Nxc3 Bb4 15. a3 Bxc3 16. bxc3 Bg6 17. Ra2 h5 18. Rb2 Rxa3 19. Rxb7 Ra7 20. Rxa7 Nxa7 21. Ba4+ Ke7 22. Kf2 Rb8 23. Bxb8 1-0


[Site "https://www.chess.com"]

[Event "Titled Tuesday Blitz June 27 Late 2023"]
[White "BenchGM"]
[Black "Vaglio Mattey, Emanuel"]
[BlackFideId "6504167"]
[WhiteElo "2372"]
[BlackElo "2508"]
[Result "0-1"]
[Round "11"]
[TimeControl "180+2"]
[Date "2023.06.27"]
[WhiteClock "0:00:00"]
[BlackClock "0:00:30"]
[Board "75"]

1. e4 c5 2. Nf3 e6 3. d4 cxd4 4. Nxd4 a6 5. c4 Qc7 6. Nc3 d6 7. Be3 Nf6 8. Be2 Be7 9. O-O O-O 10. f3 Nbd7 11. Rc1 Rd8 12. Qe1 b6 13. Qg3 Bb7 14. a3 Rac8 15. b4 Qb8 16. Nb3 Ba8 17. Rfd1 Ne5 18. Na4 Nfd7 19. Qf2 b5 20. cxb5 axb5 21. Nb6 Nxb6 22. Bxb6 Rxc1 23. Rxc1 Rc8 24. Bxb5 Rxc1+ 25. Nxc1 Qc8 26. Ne2 Qc2 27. Qe3 Bh4 28. g3 Bf6 29. Qc3 Qxc3 30. Nxc3 Nxf3+ 31. Kf2 Nxh2 32. Ne2 Bxe4 33. a4 Ng4+ 34. Ke1 g5 35. a5 h5 36. a6 h4 0-1


[Site "https://www.chess.com"]

[Event "Titled Tuesday Blitz June 27 Late 2023"]
[White "Campos, Maria Jose"]
[Black "Shapiro, Viktor"]
[WhiteFideId "146803"]
[BlackFideId "4175700"]
[WhiteElo "2372"]
[BlackElo "2491"]
[Result "1/2-1/2"]
[Round "11"]
[TimeControl "180+2"]
[Date "2023.06.27"]
[WhiteClock "0:02:06"]
[BlackClock "0:00:20"]
[Board "76"]

1. c4 Nf6 2. g3 c5 3. Nf3 Nc6 4. Bg2 d6 5. O-O e6 6. Nc3 Be7 7. d3 a6 8. Rb1 Bd7 9. a4 Rb8 10. Re1 O-O 11. h4 h6 12. Bf4 Ne8 13. e4 Nc7 14. Qd2 Re8 15. Be3 b5 16. axb5 axb5 17. b3 b4 18. Ne2 e5 19. Kh2 Ne6 20. Neg1 Ncd4 21. Bxd4 cxd4 22. Bh3 Nc5 23. Bxd7 Qxd7 24. h5 Qg4 25. Kg2 Qxh5 26. Nh3 f5 27. exf5 Qxf5 28. Red1 Rf8 29. Qe2 Rf7 30. Nh2 Rbf8 31. Ng1 Qc8 32. f3 Qc6 33. Ng4 Bg5 34. Nf2 Be3 35. Ne4 Bxg1 36. Kxg1 Rxf3 37. Rf1 Rxf1+ 38. Rxf1 Rxf1+ 39. Kxf1 Nxe4 40. dxe4 Qa6 41. Qg4 Qa1+ 42. Kg2 Qb2+ 43. Kh3 d3 44. Qe6+ Kh7 45. Qf5+ Kg8 46. Qe6+ Kh8 47. Qc8+ Kh7 48. Qf5+ Kg8 49. Qe6+ 1/2-1/2


[Site "https://www.chess.com"]

[Event "Titled Tuesday Blitz June 27 Late 2023"]
[White "Inepton_Fermion"]
[Black "Graif, William"]
[BlackFideId "2609835"]
[WhiteElo "2361"]
[BlackElo "2486"]
[Result "1-0"]
[Round "11"]
[TimeControl "180+2"]
[Date "2023.06.27"]
[WhiteClock "0:00:09"]
[BlackClock "0:00:07"]
[Board "77"]

1. d4 Nf6 2. Bg5 d5 3. Bxf6 gxf6 4. c4 c6 5. cxd5 cxd5 6. e3 Nc6 7. Nc3 e6 8. Qh5 Bd7 9. Bd3 Qb6 10. Nge2 Bd6 11. O-O f5 12. Ng3 Ne7 13. Rac1 Ng6 14. Bxf5 exf5 15. Nxd5 Qd8 16. Nxf5 Bxf5 17. Qxf5 O-O 18. e4 Be7 19. g3 Rc8 20. Rxc8 Qxc8 21. Qxg6+ hxg6 22. Nxe7+ Kg7 23. Nxc8 Rxc8 24. Rd1 Kf6 25. Kg2 Rc2 26. Kf3 Rxb2 27. e5+ Ke6 28. Ke3 Rxa2 29. f4 Kd5 30. g4 Rxh2 31. f5 g5 32. Rc1 Rh3+ 33. Kf2 Kxd4 34. e6 fxe6 35. fxe6 Rh7 36. Rd1+ Ke5 37. Rd7 Rh8 38. e7 Re8 39. Rxb7 a5 40. Rb5+ Kf6 41. Rf5+ Kxe7 42. Rxa5 Ra8 43. Rxa8 Kf6 44. Ra5 Kg6 45. Ra6+ Kf7 46. Ke3 Ke7 47. Ke4 Kf7 48. Kf5 Kg7 49. Ra7+ Kf8 50. Kxg5 Ke8 51. Kf6 Kd8 52. Re7 Kc8 53. g5 Kb8 54. g6 Kc8 55. g7 1-0


[Site "https://www.chess.com"]

[Event "Titled Tuesday Blitz June 27 Late 2023"]
[White "Uzcategui Rodriguez, Alejandro"]
[Black "Fajdetic, Hrvoje"]
[WhiteFideId "3903400"]
[BlackFideId "14501945"]
[WhiteElo "2468"]
[BlackElo "2339"]
[Result "1-0"]
[Round "11"]
[TimeControl "180+2"]
[Date "2023.06.27"]
[WhiteClock "0:01:28"]
[BlackClock "0:00:00"]
[Board "78"]

1. e4 c5 2. Nf3 a6 3. d4 cxd4 4. Nxd4 Nf6 5. Nc3 e5 6. Nf5 d5 7. Ng3 d4 8. Nce2 g6 9. Ng1 h5 10. Nf3 Nc6 11. h4 Qa5+ 12. Bd2 Bb4 13. Bd3 Bg4 14. a3 Bxd2+ 15. Qxd2 Bxf3 16. gxf3 Qxd2+ 17. Kxd2 Ke7 18. Ne2 Rhd8 19. Rag1 b5 20. Rg5 Nh7 21. Rg3 Rab8 22. f4 exf4 23. Nxf4 Nf6 24. Rg5 Na5 25. b3 Rbc8 26. Re1 Kf8 27. e5 Nd5 28. e6 Nxf4 29. e7+ Kg7 30. exd8=Q Rxd8 31. Re7 Nxd3 32. Kxd3 Nc6 33. Rc7 Rd6 34. Rc5 Nd8 35. Re7 Ne6 36. Rc8 Nf4+ 37. Ke4 Ng2 38. Ke5 Rf6 39. Rg8+ Kxg8 40. Kxf6 Nxh4 41. Rxf7 g5 42. Rg7+ 1-0


[Site "https://www.chess.com"]

[Event "Titled Tuesday Blitz June 27 Late 2023"]
[White "Garmendiarov"]
[Black "Zavortink, Matt"]
[BlackFideId "2034263"]
[WhiteElo "2316"]
[BlackElo "2462"]
[Result "1-0"]
[Round "11"]
[TimeControl "180+2"]
[Date "2023.06.27"]
[WhiteClock "0:00:09"]
[BlackClock "0:00:00"]
[Board "79"]

1. d4 Nf6 2. Bf4 g6 3. Nc3 d5 4. e3 Bg7 5. h4 h5 6. Be2 O-O 7. Nf3 c5 8. Nb5 Ne4 9. O-O Nc6 10. c4 dxc4 11. Bxc4 a6 12. Nc3 Nxc3 13. bxc3 b5 14. Be2 Bb7 15. Qc2 cxd4 16. cxd4 Rc8 17. Qd2 Qa5 18. Qxa5 Nxa5 19. Rfc1 Rfe8 20. Rab1 Rxc1+ 21. Rxc1 Rc8 22. Rxc8+ Bxc8 23. Bc7 Nc6 24. Kf1 Nb4 25. a3 Nc2 26. a4 bxa4 27. Bd1 Nb4 28. Bxa4 Nd5 29. Ba5 Bb7 30. Bb3 e6 31. Bc4 Bf8 32. Nd2 Be7 33. Nb3 Kf8 34. Nc5 Bxc5 35. dxc5 Ke7 36. Ke2 Kd7 37. Kd3 Kc6 38. Kd4 f6 39. f4 Ne7 40. e4 Bc8 41. Bb6 Ng8 42. g3 Nh6 43. Be2 Nf7 44. Kc4 e5 45. fxe5 Nxe5+ 46. Kd4 Bb7 47. Bd8 Nd7 48. Be7 a5 49. Bd8 a4 50. Be7 a3 51. Bc4 1-0


[Site "https://www.chess.com"]

[Event "Titled Tuesday Blitz June 27 Late 2023"]
[White "Mickiewicz, Piotr"]
[Black "Shapiro, Daniel"]
[WhiteFideId "1114891"]
[BlackFideId "2001780"]
[WhiteElo "2436"]
[BlackElo "2333"]
[Result "1-0"]
[Round "11"]
[TimeControl "180+2"]
[Date "2023.06.27"]
[WhiteClock "0:01:09"]
[BlackClock "0:00:01"]
[Board "80"]

1. g3 Nf6 2. Bg2 d5 3. d3 e6 4. Nd2 Be7 5. Ngf3 b6 6. O-O Bb7 7. e4 c5 8. Re1 Qc7 9. c3 Nc6 10. e5 Nd7 11. d4 O-O-O 12. h4 h6 13. h5 g5 14. hxg6 fxg6 15. Nf1 Rdf8 16. Be3 g5 17. N1h2 Kb8 18. b3 Bd8 19. a3 Ne7 20. b4 c4 21. b5 Nf5 22. Bc1 Rhg8 23. Nd2 Rf7 24. a4 Nf8 25. Bf3 Ng7 26. Ba3 h5 27. Bxh5 Nxh5 28. Qxh5 Rh7 29. Qe2 Rgh8 30. Bd6 Rxh2 31. Nf1 Rh1+ 32. Kg2 Qxd6 33. exd6 Bf6 34. a5 e5 35. axb6 axb6 36. Qa2 exd4 37. Qa7+ Kc8 38. Qxb6 Bd8 39. Re8 Ne6 40. d7+ Kxd7 41. Qxe6+ Kc7 42. b6+ 1-0


[Site "https://www.chess.com"]

[Event "Titled Tuesday Blitz June 27 Late 2023"]
[White "Labussiere, Yago"]
[Black "Zampronha, Wladimir Camilo"]
[WhiteFideId "2186969"]
[BlackFideId "2103087"]
[WhiteElo "2430"]
[BlackElo "2301"]
[Result "1-0"]
[Round "11"]
[TimeControl "180+2"]
[Date "2023.06.27"]
[WhiteClock "0:00:29"]
[BlackClock "0:00:26"]
[Board "81"]

1. d4 Nf6 2. c4 e6 3. Nc3 Bb4 4. e3 O-O 5. Bd3 d5 6. a3 Bxc3+ 7. bxc3 c5 8. cxd5 exd5 9. Ne2 Re8 10. O-O Nc6 11. f3 b6 12. Bd2 Qd6 13. Ng3 cxd4 14. cxd4 Bd7 15. Rc1 h5 16. Qb3 h4 17. Nf5 Bxf5 18. Bxf5 g6 19. Bd3 Na5 20. Bxa5 bxa5 21. Rc5 Rxe3 22. Rxa5 Rb8 23. Qc2 Qb6 24. Rb5 Qd8 25. Rxb8 Qxb8 26. Bxg6 Qb3 27. Rb1 Qxc2 28. Bxc2 Rxa3 29. Rb2 Kg7 30. Kf2 Rc3 31. Ra2 Rc7 32. Ke2 Nh5 33. Kf2 Nf4 34. g3 hxg3+ 35. hxg3 Ne6 36. Ke3 Rc3+ 37. Bd3 Rc7 38. Ra5 Rd7 39. f4 Kf6 40. Be2 Nd8 41. Bf3 Nc6 42. Ra6 Re7+ 43. Kf2 Re6 44. Bxd5 Nb4 45. Bxe6 fxe6 46. Rxa7 1-0


[Site "https://www.chess.com"]

[Event "Titled Tuesday Blitz June 27 Late 2023"]
[White "Cluke86"]
[Black "Ai, Evan"]
[BlackFideId "2094770"]
[WhiteElo "2273"]
[BlackElo "2426"]
[Result "0-1"]
[Round "11"]
[TimeControl "180+2"]
[Date "2023.06.27"]
[WhiteClock "0:01:01"]
[BlackClock "0:01:55"]
[Board "82"]

1. e4 e5 2. Nf3 Nc6 3. Bc4 Nf6 4. O-O Nxe4 5. Nc3 Nxc3 6. dxc3 Be7 7. Qd5 O-O 8. Nxe5 Nxe5 9. Qxe5 d6 10. Qh5 g6 11. Qf3 c6 12. Bh6 d5 13. Bxf8 Bxf8 14. Bd3 Bg7 15. Rfe1 Be6 16. h3 a5 17. a4 Qb6 18. h4 Qxb2 19. h5 Qxc3 20. hxg6 hxg6 21. Rab1 b5 22. axb5 cxb5 23. Rxe6 fxe6 24. Qg4 b4 25. Bxg6 Qf6 26. Qh5 Kf8 27. Rb3 Ke7 28. Rf3 Qa1+ 29. Kh2 Rh8 30. Rf7+ Kd6 0-1


[Site "https://www.chess.com"]

[Event "Titled Tuesday Blitz June 27 Late 2023"]
[White "Vega Gutierrez, Sabrina"]
[Black "Kornyukov, Alexey"]
[WhiteFideId "2219026"]
[BlackFideId "4150457"]
[WhiteElo "2398"]
[BlackElo "2250"]
[Result "1-0"]
[Round "11"]
[TimeControl "180+2"]
[Date "2023.06.27"]
[WhiteClock "0:00:16"]
[BlackClock "0:00:04"]
[Board "83"]

1. e4 c5 2. Nf3 Nc6 3. d4 cxd4 4. Nxd4 Nf6 5. Nc3 e5 6. Ndb5 d6 7. Bg5 a6 8. Na3 b5 9. Nd5 Be7 10. Bxf6 Bxf6 11. c4 bxc4 12. Nxc4 O-O 13. Be2 Nd4 14. O-O Bb7 15. Nce3 Rb8 16. Bc4 Bxd5 17. Nxd5 Rxb2 18. Bxa6 Bg5 19. Qd3 g6 20. Bc4 Qa5 21. Rab1 Rfb8 22. Rxb2 Rxb2 23. Rb1 Ne2+ 24. Kf1 Nc1 25. Rxb2 Nxd3 26. Bxd3 Qc3 27. Nxc3 Bc1 28. Rb7 Kg7 29. Bc4 Bd2 30. Rxf7+ Kh6 31. Nb5 d5 32. Bxd5 Bb4 33. a4 Kg5 34. g3 h5 35. Kg2 h4 36. f4+ exf4 37. gxf4+ Kg4 38. h3+ Kh5 39. Rh7# 1-0


[Site "https://www.chess.com"]

[Event "Titled Tuesday Blitz June 27 Late 2023"]
[White "Broca Jimenez, Fernando"]
[Black "Guzman Moneo, Alberto"]
[WhiteFideId "5104742"]
[BlackFideId "2209616"]
[WhiteElo "2247"]
[BlackElo "2390"]
[Result "1/2-1/2"]
[Round "11"]
[TimeControl "180+2"]
[Date "2023.06.27"]
[WhiteClock "0:00:17"]
[BlackClock "0:01:02"]
[Board "84"]

1. Nf3 g6 2. b3 Bg7 3. Nc3 Bxc3 4. dxc3 d5 5. Bb2 Nf6 6. e3 O-O 7. c4 c6 8. Be2 a5 9. O-O a4 10. cxd5 cxd5 11. c4 dxc4 12. Bxc4 Nc6 13. Ne5 Nxe5 14. Bxe5 Bf5 15. Qxd8 Rfxd8 16. Rad1 Bc2 17. Rc1 axb3 18. axb3 Bd3 19. Rfd1 Bxc4 20. Rxd8+ Rxd8 21. bxc4 Ne4 22. Bd4 f6 23. f3 Nd6 24. Bc5 Kf7 25. Rb1 Nxc4 26. Rxb7 Re8 27. Kf2 Ne5 28. Rc7 Nd3+ 29. Ke2 Nxc5 30. Rxc5 Ra8 31. Rc2 h5 32. Rd2 Ra1 33. h3 Rh1 34. Kf2 h4 35. Rd7 g5 36. Rd2 Ra1 37. e4 Ke6 38. Rc2 Ra5 39. Rb2 Ke5 40. Rc2 e6 41. Rd2 f5 42. exf5 exf5 43. Re2+ Kf4 44. Rc2 Ra4 45. Rd2 g4 46. fxg4 fxg4 47. hxg4 Kxg4 48. Re2 Rf4+ 49. Kg1 Ra4 50. Kh2 Rb4 51. Rc2 Ra4 52. Rc8 Rb4 53. Rg8+ Kh5 54. Rh8+ Kg5 55. Rg8+ Kh5 56. Rh8+ Kg5 57. Rg8+ Kh5 1/2-1/2


[Site "https://www.chess.com"]

[Event "Titled Tuesday Blitz June 27 Late 2023"]
[White "Lowinger, Daniel"]
[Black "Vasquez Garrido, Nuremberg"]
[WhiteFideId "2005557"]
[BlackFideId "4432118"]
[WhiteElo "2387"]
[BlackElo "2093"]
[Result "1-0"]
[Round "11"]
[TimeControl "180+2"]
[Date "2023.06.27"]
[WhiteClock "0:00:39"]
[BlackClock "0:01:12"]
[Board "85"]

1. Nf3 Nf6 2. g3 d5 3. Bg2 c5 4. O-O Nc6 5. d4 cxd4 6. Nxd4 Qb6 7. Nxc6 bxc6 8. c4 Be6 9. Qa4 g6 10. Be3 Qb7 11. Nc3 Rd8 12. cxd5 Nxd5 13. Nxd5 Bxd5 14. Bxd5 Rxd5 15. Rfc1 Bg7 16. Qxc6+ Qxc6 17. Rxc6 O-O 18. Rb1 Rb8 19. Bxa7 Ra8 20. Bc5 Rxa2 21. Rc8+ Bf8 22. Bxe7 Kg7 23. Bxf8+ Kf6 24. Rc6+ Ke5 25. Rc5 f5 26. Rxd5+ Kxd5 27. Ba3 Kc4 28. Kg2 Kb3 29. Kf3 Kc2 30. Rh1 g5 31. e4 fxe4+ 32. Kxe4 Kb3 33. Kf5 Ra1 34. Rxa1 1-0


[Site "https://www.chess.com"]

[Event "Titled Tuesday Blitz June 27 Late 2023"]
[White "Pinto, Daniel"]
[Black "Sanchez, Robert"]
[WhiteFideId "3303144"]
[BlackFideId "2034360"]
[WhiteElo "2402"]
[BlackElo "2139"]
[Result "1-0"]
[Round "11"]
[TimeControl "180+2"]
[Date "2023.06.27"]
[WhiteClock "0:00:06"]
[BlackClock "0:00:12"]
[Board "86"]

1. e4 e6 2. d4 d5 3. Nd2 Nf6 4. e5 Nfd7 5. Ngf3 c5 6. c3 Nc6 7. Bd3 Qb6 8. O-O Be7 9. Re1 g5 10. h3 h5 11. g4 hxg4 12. hxg4 cxd4 13. Nb3 dxc3 14. bxc3 a5 15. Nbd4 Nc5 16. Rb1 Qd8 17. Bc2 Bd7 18. Kg2 Nxd4 19. cxd4 Ne4 20. Rxb7 Kf8 21. Ba4 Bc8 22. Rb3 Bd7 23. Rb7 Bc8 24. Rb3 Bd7 25. Bxd7 Qxd7 26. Rh1 Kg7 27. Rxh8 Rxh8 28. Be3 Qc6 29. Qc1 Qa4 30. Rb7 Bb4 31. Bxg5 Qxa2 32. Bf6+ Kg6 33. Nh4+ Rxh4 34. Bxh4 Qe2 35. Qf4 Bd2 36. Qxf7+ Kh6 37. Qg7# 1-0


[Site "https://www.chess.com"]

[Event "Titled Tuesday Blitz June 27 Late 2023"]
[White "Bullen, Alex"]
[Black "Bueno, Alfeu Junior Varela"]
[WhiteFideId "1801627"]
[BlackFideId "2108879"]
[WhiteElo "2257"]
[BlackElo "2372"]
[Result "0-1"]
[Round "11"]
[TimeControl "180+2"]
[Date "2023.06.27"]
[WhiteClock "0:01:42"]
[BlackClock "0:02:19"]
[Board "87"]

1. d4 e6 2. Nf3 f5 3. Bf4 b6 4. e3 Bb7 5. Be2 Nf6 6. c4 Bb4+ 7. Nc3 Bxc3+ 8. bxc3 O-O 9. Rg1 d6 10. h3 Nbd7 11. g4 Qe8 12. gxf5 exf5 13. Nh4 Ne4 14. Bh5 Qe7 15. Nf3 Ndf6 16. Ng5 Nxc3 17. Qb3 Nxh5 18. Qxc3 Nxf4 19. c5 Ng2+ 20. Kf1 Qxg5 21. c6 Ba6+ 0-1


[Site "https://www.chess.com"]

[Event "Titled Tuesday Blitz June 27 Late 2023"]
[White "Schuster, Karsten"]
[Black "Kohler, Aran"]
[WhiteFideId "4611071"]
[BlackFideId "1002856"]
[WhiteElo "2356"]
[BlackElo "2257"]
[Result "1/2-1/2"]
[Round "11"]
[TimeControl "180+2"]
[Date "2023.06.27"]
[WhiteClock "0:00:24"]
[BlackClock "0:00:25"]
[Board "88"]

1. Nf3 Nf6 2. b3 b6 3. Bb2 e6 4. d4 Bb7 5. c4 Bb4+ 6. Nbd2 O-O 7. e3 d5 8. cxd5 exd5 9. a3 Bd6 10. Bd3 Nbd7 11. O-O Ne4 12. Qc2 Ndf6 13. Rfe1 Re8 14. Nf1 Ng4 15. Bxe4 dxe4 16. N3d2 Qh4 17. g3 Qh3 18. Nc4 Re6 19. Nxd6 cxd6 20. d5 Rh6 21. Qxe4 Nxh2 22. Nxh2 Qxh2+ 23. Kf1 Qh3+ 24. Qg2 Qxg2+ 25. Kxg2 Bxd5+ 26. e4 Bxb3 27. Rac1 Be6 28. Rc7 a6 29. Rec1 d5 30. Kf3 dxe4+ 31. Kxe4 b5 32. Re7 Bc4 33. Rd1 Re6+ 34. Rxe6 Bxe6 35. Bc3 h5 36. Ba5 Rc8 37. Rd8+ Rxd8 38. Bxd8 Kf8 39. f4 Ke8 40. Ba5 Kd7 41. Bc3 f6 42. f5 Bb3 43. Bb4 Ke8 44. Kf4 Kf7 45. Ba5 g6 46. fxg6+ Kxg6 47. Bb4 Bc2 48. Bc3 Kf7 49. Bd4 Ke6 50. Bc3 Kd5 51. Bxf6 a5 52. Bc3 b4 53. axb4 a4 54. g4 hxg4 55. Kxg4 Kc4 56. Bh8 Kxb4 57. Kf4 Kb3 58. Ke3 a3 59. Kd2 Be4 60. Kc1 a2 61. Bg7 Bf5 62. Bh8 Be4 63. Bg7 a1=Q+ 64. Bxa1 1/2-1/2


[Site "https://www.chess.com"]

[Event "Titled Tuesday Blitz June 27 Late 2023"]
[White "Cooper, Aaron"]
[Black "Cardozo Munar, Carlos Eduardo"]
[WhiteFideId "2634945"]
[BlackFideId "4409477"]
[WhiteElo "2193"]
[BlackElo "2325"]
[Result "0-1"]
[Round "11"]
[TimeControl "180+2"]
[Date "2023.06.27"]
[WhiteClock "0:00:11"]
[BlackClock "0:00:15"]
[Board "89"]

1. e4 e6 2. d4 d5 3. e5 c5 4. c3 Nc6 5. Nf3 Qb6 6. Bd3 Bd7 7. O-O cxd4 8. Nbd2 dxc3 9. bxc3 Nge7 10. h4 Ng6 11. Re1 Be7 12. g3 Qc7 13. Qe2 Bc5 14. Nb3 Bb6 15. h5 Nge7 16. Ba3 g6 17. Bd6 Qd8 18. Nc5 Bxc5 19. Bxc5 b6 20. Bd6 Nc8 21. Ba3 Na5 22. Qe3 Qc7 23. Qh6 Ne7 24. Qg7 Rg8 25. Qxh7 gxh5 26. Bd6 Qb7 27. Qxh5 Nc4 28. Bxc4 dxc4 29. Ng5 Ng6 30. Qh7 O-O-O 31. Nxf7 Rh8 32. Be7 Rxh7 33. Nd6+ Kc7 34. Nxb7 Kxb7 35. Bxd8 Bc6 36. f3 Bxf3 37. Kf2 Bd5 38. Rad1 Rh2+ 39. Ke3 Rxa2 40. Rxd5 exd5 41. Kd4 Rd2+ 42. Ke3 Rd3+ 43. Ke2 Rxc3 44. e6 Rxg3 45. e7 Nxe7 46. Bxe7 Rd3 47. Ra1 a5 48. Bf6 Ka6 49. Bd8 Kb5 50. Rb1+ Rb3 51. Rxb3+ cxb3 52. Kd2 Kc4 53. Bxb6 a4 54. Kc1 a3 55. Kb1 d4 56. Ba5 Kd3 57. Bb4 a2+ 58. Kb2 a1=Q+ 59. Kxa1 Kc2 60. Ba3 d3 61. Bc1 d2 62. Bxd2 b2+ 63. Ka2 b1=Q+ 64. Ka3 Qb3# 0-1


[Site "https://www.chess.com"]

[Event "Titled Tuesday Blitz June 27 Late 2023"]
[White "Brown, Raehanna"]
[Black "MAHanif"]
[WhiteFideId "7402740"]
[WhiteElo "2161"]
[BlackElo "2323"]
[Result "0-1"]
[Round "11"]
[TimeControl "180+2"]
[Date "2023.06.27"]
[WhiteClock "0:00:00"]
[BlackClock "0:00:02"]
[Board "90"]

1. c4 Nf6 2. Nc3 g6 3. g3 Bg7 4. Bg2 O-O 5. Nf3 c6 6. O-O Na6 7. d4 Nc7 8. e4 d5 9. cxd5 cxd5 10. e5 Nfe8 11. Nd2 e6 12. b3 Bd7 13. Ba3 Nb5 14. Nxb5 Bxb5 15. Re1 Qb6 16. Nf3 Nc7 17. Bc5 Qa6 18. Bxf8 Bxf8 19. Qc1 Rc8 20. Qf4 Qc6 21. Rec1 Qd7 22. Rc2 Bc6 23. Rac1 a6 24. Bh3 Rb8 25. Bg2 Ba3 26. Rd1 Nb5 27. Ng5 Qe7 28. Qh4 h5 29. g4 Kg7 30. gxh5 Rh8 31. Bf3 Bb4 32. Kh1 Nc3 33. Rg1 Ne4 34. Bxe4 dxe4 35. h3 Rxh5 36. Qg3 e3+ 37. Kh2 exf2 38. Rxf2 Be1 0-1


[Site "https://www.chess.com"]

[Event "Titled Tuesday Blitz June 27 Late 2023"]
[White "Gerbelli Neto, Eduardo"]
[Black "Burke, Paul"]
[WhiteFideId "2103281"]
[BlackFideId "2605767"]
[WhiteElo "2293"]
[BlackElo "1957"]
[Result "1-0"]
[Round "11"]
[TimeControl "180+2"]
[Date "2023.06.27"]
[WhiteClock "0:00:51"]
[BlackClock "0:01:17"]
[Board "91"]

1. e4 e5 2. Nf3 Nc6 3. d4 exd4 4. c3 d5 5. exd5 Qxd5 6. cxd4 Nf6 7. Nc3 Bb4 8. Be2 Bg4 9. O-O Qh5 10. h3 Bd6 11. Nb5 O-O-O 12. Nxd6+ Rxd6 13. hxg4 Nxg4 14. Bf4 Re8 15. Nh2 Rxe2 16. Qxe2 Rg6 17. Nxg4 Rxg4 18. Bg3 Nxd4 19. Qe8# 1-0


[Site "https://www.chess.com"]

[Event "Titled Tuesday Blitz June 27 Late 2023"]
[White "Hartikainen, Jarmo"]
[Black "KorolDimitriy75"]
[WhiteFideId "503134"]
[WhiteElo "2158"]
[BlackElo "2396"]
[Result "0-1"]
[Round "11"]
[TimeControl "180+2"]
[Date "2023.06.27"]
[WhiteClock "0:00:03"]
[BlackClock "0:00:05"]
[Board "92"]

1. e4 c5 2. c3 d5 3. exd5 Qxd5 4. d4 cxd4 5. cxd4 Nc6 6. Nf3 e5 7. Nc3 Bb4 8. Bd2 Bxc3 9. Bxc3 e4 10. Ne5 Nxe5 11. dxe5 Ne7 12. Qxd5 Nxd5 13. Bb5+ Bd7 14. Bxd7+ Kxd7 15. O-O-O Ke6 16. Rhe1 Rhc8 17. Kc2 Nxc3 18. bxc3 Rc4 19. Rd6+ Kxe5 20. Rd7 Rac8 21. Re3 R8c7 22. Rd8 f5 23. Re8+ Kf6 24. g3 b5 25. a3 R7c6 26. Kb3 a6 27. h4 g6 28. Rh8 h5 29. Rf8+ Ke5 30. Rd8 Rd6 31. f4+ Kd5 32. Rg8 Kc5 33. Re1 Rd3 34. Rc8+ Kd5 35. Rxc4 bxc4+ 36. Kb4 Rxg3 37. Rd1+ Rd3 38. Rg1 e3 39. Rxg6 e2 40. Rg1 Rd1 41. Rg5 e1=Q 42. Rxf5+ Kc6 43. Rf6+ Kd7 44. Rf7+ Ke8 45. Ra7 Rc1 46. Ra8+ Kd7 47. Ra7+ Kc8 48. Rxa6 Qxc3+ 49. Kb5 Qb3+ 50. Kc5 c3 51. Rc6+ Kb8 52. f5 c2 53. f6 Rf1 54. Rb6+ Qxb6+ 55. Kxb6 c1=Q 56. f7 Rxf7 0-1


[Site "https://www.chess.com"]

[Event "Titled Tuesday Blitz June 27 Late 2023"]
[White "Muhammed, Shuaau"]
[Black "Kostiukov, Alexandr"]
[WhiteFideId "16700406"]
[BlackFideId "14108100"]
[WhiteElo "2338"]
[BlackElo "2278"]
[Result "0-1"]
[Round "11"]
[TimeControl "180+2"]
[Date "2023.06.27"]
[WhiteClock "0:02:02"]
[BlackClock "0:00:26"]
[Board "93"]

1. e4 c5 2. Nf3 g6 3. Nc3 Bg7 4. Bc4 Nc6 5. O-O e6 6. d3 Nge7 7. Re1 O-O 8. Bg5 h6 9. Bxe7 Qxe7 10. a4 b6 11. e5 Bb7 12. Nb5 Rad8 13. Nd6 Ba8 14. Qd2 Nxe5 15. Nxe5 Qxd6 16. f4 Qd4+ 17. Kh1 Qxb2 18. Reb1 Qd4 19. a5 d6 20. Nf3 Bxf3 21. gxf3 Qc3 22. Qc1 d5 23. Ba6 bxa5 24. Ra3 Qd4 25. Rxa5 Qf2 26. Qf1 Qxc2 27. Rc1 Qd2 28. Raxc5 Qxf4 29. Rc7 Be5 30. Qg2 Bxc7 0-1


[Site "https://www.chess.com"]

[Event "Titled Tuesday Blitz June 27 Late 2023"]
[White "Haitin, Ilja"]
[Black "Vila Dupla, Aurelio"]
[WhiteFideId "4501764"]
[BlackFideId "2203383"]
[WhiteElo "2335"]
[BlackElo "2192"]
[Result "0-1"]
[Round "11"]
[TimeControl "180+2"]
[Date "2023.06.27"]
[WhiteClock "0:00:00"]
[BlackClock "0:00:10"]
[Board "94"]

1. d4 Nf6 2. c4 g6 3. Nc3 d5 4. cxd5 Nxd5 5. e4 Nxc3 6. bxc3 Bg7 7. Bc4 O-O 8. Ne2 c5 9. O-O Nc6 10. Rb1 cxd4 11. cxd4 Nxd4 12. Nxd4 Qxd4 13. Qe2 Bg4 14. Qxg4 Qxc4 15. Rxb7 Qxa2 16. Rxe7 a5 17. h4 h5 18. Qd7 a4 19. Bg5 a3 20. e5 Rad8 21. Qa7 Ra8 22. Qb7 Rab8 23. Qc7 Rb1 24. e6 Rxf1+ 25. Kxf1 Qb1+ 26. Bc1 a2 27. Rxf7 Rxf7 28. exf7+ Kf8 29. Qd8+ Kxf7 30. Qd5+ Kf6 31. Qd6+ Kf5 32. Qd5+ Be5 33. Qf7+ Ke4 34. Qc4+ Bd4 35. f3+ Ke5 36. Qc7+ Kd5 37. Qd7+ Kc4 38. Qa4+ Kd3 39. Qd1+ Kc3 40. Qd2+ Kc4 41. Qe2+ Qd3 0-1


[Site "https://www.chess.com"]